 Dungeon Crawl Stone Soup version 0.20.1-1-g8b1a95d (webtiles) character file.

6082 roguesci the Party-goer (level 10, -3/75 HPs)
             Began as a Demonspawn Skald on Aug 22, 2017.
             Was a Believer of Uskayaw.
             Killed from afar by Erica (14 damage)
             ... with an orb of energy
             ... on level 8 of the Dungeon.
             The game lasted 00:47:26 (11739 turns).

roguesci the Party-goer (Demonspawn Skald)         Turns: 11739, Time: 00:47:27

Health: -3/75      AC: 12    Str: 21    XL:     10   Next: 58%
Magic:  0/17       EV: 15    Int: 11    God:    Uskayaw [**....]
Gold:   336        SH:  0    Dex: 14    Spells: 9/18 levels left

rFire    . . .     SeeInvis +   a - +1 hand axe
rCold    . . .     Gourm    .   (no shield)
rNeg     . . .     Faith    .   u - +2 ring mail {rPois}
rPois    +         Spirit   +   o - +0 helmet
rElec    .         Reflect  .   (no cloak)
rCorr    .         Harm     .   (no gloves)
MR       .....     Rnd*Rage +   A - +0 pair of boots
Stlth    ++........             (no amulet)
Regen    0.3/turn               t - +4 ring of strength
MPRegen  0.2/turn               v - ring of see invisible

@: lethally poisoned (-3 -> -4), hasted and slowed
A: talons 1, molten scales 1, agile 1, berserk 1, dopey 2, powered by death 2,
screaming 1, strong 1, magic shield, subdued magic 1
a: Stomp, Line Pass, Renounce Religion


You were on level 8 of the Dungeon.
You worshipped Uskayaw.
Uskayaw was aware of your devotion.
You were hungry.

You visited 2 branches of the dungeon, and saw 9 of its levels.

You collected 336 gold pieces.

Inventory:

Hand Weapons
 a - a +1 hand axe (weapon)
Missiles
 h - 233 stones (quivered)
Armour
 o - a +0 helmet (worn)
 u - a +2 ring mail of poison resistance (worn)
 x - a +0 buckler
 A - a +0 pair of boots (worn)
Jewellery
 t - a +4 ring of strength (left hand)
 v - a ring of see invisible (right hand)
 C - an uncursed ring of poison resistance
Wands
 F - a wand of random effects (16/48)
Scrolls
 e - a scroll of fear
 g - a scroll of noise {unknown}
 i - 6 scrolls of remove curse
 k - a scroll of magic mapping
 l - a scroll of immolation
 m - a scroll of enchant weapon
 n - 4 scrolls of amnesia
 p - 7 scrolls of teleportation
 q - 3 scrolls of enchant armour {unknown}
 s - a scroll of recharging {unknown}
 w - a scroll of silence {unknown}
 B - 3 scrolls of identify
Potions
 j - a potion of flight
Books
 c - a book of Battle

   Spells                             Type                      Level
   a - Infusion                       Charms                       1
   b - Shroud of Golubria             Charms/Translocation         2
   c - Song of Slaying                Charms                       2
   d - Spectral Weapon                Hexes/Charms                 3
   e - Regeneration                   Charms/Necromancy            3
 y - a book of Misfortune

   Spells                             Type                      Level
   a - Confusing Touch                Hexes                        1
   b - Confuse                        Hexes                        3
   c - Gell's Gravitas                Translocation                3
   d - Petrify                        Transmutation/Earth          4
   e - Metabolic Englaciation         Hexes/Ice                    5
   f - Yara's Violent Unravelling     Hexes/Transmutation          5
 z - a book of Geomancy

   Spells                             Type                      Level
   a - Sandblast                      Earth                        1
   b - Passwall                       Transmutation/Earth          2
   c - Stone Arrow                    Conjuration/Earth            3
   d - Petrify                        Transmutation/Earth          4
   e - Lee's Rapid Deconstruction     Earth                        5
Comestibles
 d - 5 bread rations
 f - 2 meat rations


   Skills:
 + Level 5.6 Fighting
 + Level 5.0 Axes
 + Level 5.1 Armour
 * Level 6.7 Dodging
 + Level 4.9 Stealth
 + Level 4.9 Spellcasting
 + Level 5.5 Charms
 * Level 8.4 Invocations


You had 9 spell levels left.
You knew the following spells:

 Your Spells              Type           Power        Failure   Level  Hunger
a - Infusion              Chrm           ##..         2%          1    None
b - Shroud of Golubria    Chrm/Tloc      #.........   13%         2    ##.....
c - Regeneration          Chrm/Necr      #.........   28%         3    ###....
d - Confuse               Hex            #.......     65%         3    ###....


Dungeon Overview and Level Annotations

Branches:
Dungeon (8/15)             Temple (1/1) D:4
   Lair: D:8-11

Altars:
Ashenzari
Cheibriados
Dithmenos
Elyvilon
Fedhas
Gozag
Hepliaklqana
Kikubaaqudgha
Makhleb
Nemelex Xobeh
Okawaru
Qazlal
Ru
Sif Muna
Trog
Uskayaw
Vehumet
Xom
Yredelemnul
Zin
The Shining One

Annotations:
D:8 Agrougrou's ghost, novice BaFi; Erica


Innate Abilities, Weirdness & Mutations

You have sharp toenails.
You are partially covered in molten scales. (AC +2)
You regenerate health from kills.
When hurt, damage is shared between your health and your magic reserves.
You are agile. (Dex +2)
You tend to lose your temper in combat.
You are very dopey. (Int -4)
You occasionally shout uncontrollably at your foes.
Your muscles are strong. (Str +2)
Your spells are a little easier to cast, but a little less powerful.


Message History

You feel sick. Erica gestures at you while chanting.
The bolt of poison hits you! You resist.
* * * LOW HITPOINT WARNING * * *
You barely miss Erica.
Erica is severely wounded.
Erica points at you and mumbles some strange words.
The bolt of poison hits you! You resist.
* * * LOW HITPOINT WARNING * * *
You don't have enough magic at the moment.
You don't have enough magic at the moment.
Okay, then.
As you read the scroll of fear, it crumbles to dust.
You assume a fearsome visage.
Erica looks frightened!
Erica gestures wildly while chanting.
Erica flickers and vanishes for a moment.
You feel sick. Erica gestures at you while chanting.
The orb of energy hits you!
You die...

..( ..#...... ##
...##.#..... ####
......#.?.. #...
.......... ...'...
#....@... ...#... #
#....)..#+# . #... #
#.#.# #... # #...# #...
## ##.@# ###### #... .#
#..###<...# #...
.###############.....##.#
####...
"...............>###.#
#<.....
################.# #.#
###.... ))†#.....#
#####.# #.. ...###
##.#...#.# #.....# ####
##### #.#...#.###.#####
#...........#


You could see Erica (fleeing).

Vanquished Creatures
  2 two-headed ogres
  Pikel (D:8)
  2 hippogriffs
  3 hungry ghosts
  The ghost of Ladykiller69 the Charmwright, an amateur FoSk (D:4)
  6 ice beasts
  A slave (D:8)
  2 sky beasts
  2 phantoms
  2 black bears (D:7)
  2 ogres (D:6)
  4 centaurs
  4 bullfrogs
  A big kobold (D:8)
  2 scorpions
  2 wyvern skeletons
  A wight (D:7)
  2 howler monkeys (D:8)
  4 crimson imps
  2 centaur zombies (D:7)
  2 jellies (D:6)
  4 orc priests
  A gnoll shaman (D:7)
  A hound (D:8)
  6 orc wizards
  A bullfrog skeleton (D:4)
  3 iguanas
  6 worker ants
  Terence (D:1)
  A hound zombie (D:5)
  2 hound skeletons
  A howler monkey zombie (D:7)
  Robin (D:2)
  5 gnolls (D:7)
  A howler monkey skeleton (D:7)
  19 adders
  A shadow imp (D:7)
  An ooze (D:3)
  5 worms
  2 dart slugs (D:1)
  4 leopard geckos
  16 orcs
  9 bats
  8 giant cockroaches
  12 goblins
  12 hobgoblins
  4 jackals (D:7)
  5 quokkas
  A ball python (D:7)
  5 frilled lizards
  11 kobolds
  A leopard gecko zombie (D:5)
  2 quokka skeletons (D:5)
  A quokka zombie (D:5)
  8 rats
209 creatures vanquished.

Vanquished Creatures (others)
  A water moccasin skeleton (D:8)
1 creature vanquished.

Grand Total: 210 creatures vanquished

Notes
Turn   | Place    | Note
-------+----------+-------------------------------------------
     0 | D:1      | roguesci the Demonspawn Skald began the quest for the Orb.
     0 | D:1      | Reached XP level 1. HP: 16/16 MP: 3/3
   331 | D:1      | Reached skill level 1 in Armour
   696 | D:1      | Gained mutation: You have sharp toenails. [demonic ancestry]
   696 | D:1      | Reached XP level 2. HP: 19/22 MP: 5/5
  1606 | D:2      | Gained mutation: You regenerate a little health from kills. [demonic ancestry]
  1606 | D:2      | Reached XP level 3. HP: 10/27 MP: 3/6
  1753 | D:2      | Noticed Terence
  1844 | D:1      | Learned a level 2 spell: Shroud of Golubria
  1848 | D:1      | Learned a level 3 spell: Regeneration
  2206 | D:1      | Killed Terence
  2206 | D:1      | Gained mutation: You are partially covered in molten scales. (AC +2) [demonic ancestry]
  2206 | D:1      | Reached XP level 4. HP: 27/33 MP: 5/7
  2329 | D:2      | Reached skill level 1 in Stealth
  2716 | D:2      | Noticed Robin
  2726 | D:2      | Killed Robin
  2741 | D:2      | Gained mutation: When hurt, damage is shared between your health and your magic reserves. [demonic ancestry]
  2741 | D:2      | Reached XP level 5. HP: 39/39 MP: 0/8
  3123 | D:3      | Found an opulent altar of Gozag.
  3627 | D:3      | Found a stormy altar of Qazlal.
  3627 | D:3      | Found a shattered altar of Ashenzari.
  3664 | D:4      | Noticed an ice beast
  3685 | D:4      | Killed an ice beast
  3685 | D:4      | Reached XP level 6. HP: 34/46 MP: 0/10
  3883 | D:4      | Noticed Ladykiller69's ghost (amateur FoSk)
  4355 | D:4      | Killed Ladykiller69's ghost
  4535 | D:4      | Reached XP level 7. HP: 52/52 MP: 5/11
  4589 | D:4      | Found a staircase to the Ecumenical Temple.
  4615 | Temple   | Entered the Ecumenical Temple
  4622 | Temple   | Became a worshipper of Uskayaw the Reveler
  4715 | D:4      | Learned a level 3 spell: Confuse
  4728 | D:4      | Reached * piety under Uskayaw
  4735 | D:4      | Reached ** piety under Uskayaw
  4862 | D:4      | Reached skill level 1 in Invocations
  5141 | D:5      | Entered Level 5 of the Dungeon
  5151 | D:5      | Reached *** piety under Uskayaw
  5259 | D:5      | Reached skill level 2 in Invocations
  5262 | D:5      | Gained mutation: Your spells are a little easier to cast, but a little less powerful. [mutagenic meat]
  5525 | D:5      | Reached skill level 3 in Invocations
  5626 | D:5      | Reached XP level 8. HP: 48/58 MP: 10/12
  5642 | D:5      | Reached **** piety under Uskayaw
  6226 | D:6      | Reached skill level 4 in Invocations
  6512 | D:6      | Found a hide-covered altar of Uskayaw.
  7072 | D:6      | Reached skill level 5 in Invocations
  7390 | D:6      | Reached skill level 5 in Dodging
  7493 | D:6      | Reached XP level 9. HP: 57/65 MP: 8/14
  8372 | D:7      | Reached skill level 6 in Invocations
  9102 | D:7      | Reached skill level 5 in Charms
  9283 | D:7      | Noticed a two-headed ogre
  9310 | D:7      | Reached skill level 5 in Fighting
  9489 | D:7      | Killed a two-headed ogre
  9489 | D:7      | Reached skill level 7 in Invocations
  9489 | D:7      | Gained mutation: You regenerate health from kills. [demonic ancestry]
  9489 | D:7      | Reached XP level 10. HP: 52/74 MP: 8/16
 10362 | D:8      | Noticed Agrougrou's ghost (novice BaFi)
 10710 | D:7      | Gained mutation: You tend to lose your temper in combat. [mutagenic meat]
 10711 | D:7      | Gained mutation: You are dopey. (Int -2) [mutagenic meat]
 10712 | D:7      | Gained mutation: You are agile. (Dex +2) [mutagenic meat]
 10713 | D:7      | Gained mutation: You are very dopey. (Int -4) [mutagenic meat]
 10714 | D:7      | Gained mutation: You occasionally shout uncontrollably at your foes. [mutagenic meat]
 10715 | D:7      | Gained mutation: Your muscles are strong. (Str +2) [mutagenic meat]
 10972 | D:8      | Noticed a two-headed ogre
 10990 | D:8      | Killed a two-headed ogre
 10990 | D:8      | Reached skill level 5 in Armour
 10990 | D:8      | Reached skill level 8 in Invocations
 11294 | D:8      | Noticed Pikel
 11328 | D:8      | Killed Pikel
 11328 | D:8      | Reached skill level 5 in Axes
 11709 | D:8      | Noticed Erica
 11739 | D:8      | Killed from afar by Erica

Skill      XL: |  1  2  3  4  5  6  7  8  9 10 |
---------------+-------------------------------+-----
Armour         | 1 2 3 4 5 |  5.1
Axes           | 2 3 4 5 |  5.0
Dodging        | 2 3 5 6 |  6.7
Charms         | 3 4 5 |  5.5
Stealth        | 1 2 3 4 |  4.9
Fighting       | 3 4 5 |  5.6
Spellcasting   | 3 4 |  4.9
Invocations    | 3 5 7 8 |  8.4

Action                   |  1- 3 |  4- 6 |  7- 9 | 10-12 || total
-------------------------+-------+-------+-------+-------++-------
Melee: Hand axe          |   102 |   227 |   524 |   193 ||  1046
       Kick              |    21 |    56 |    96 |       ||   173
Throw: Stone             |       |     3 |    12 |     2 ||    17
 Cast: Infusion          |     6 |     6 |    17 |     8 ||    37
       Shroud of Golubri |     2 |    14 |    30 |    18 ||    64
       Regeneration      |       |       |     5 |     6 ||    11
Invok: Stomp             |       |       |     4 |       ||     4
  Use: Scroll            |     3 |       |     8 |     1 ||    12
       Potion            |     2 |     4 |     7 |     2 ||    15
 Stab: Sleeping          |     1 |     2 |       |     3 ||     6
       Paralysed         |       |       |    21 |    12 ||    33
       Distracted        |       |       |     1 |       ||     1
  Eat: Chunk             |     3 |     8 |    13 |     7 ||    31
       Meat ration       |       |     1 |     1 |     1 ||     3
       Fruit             |       |       |     4 |     1 ||     5
       Royal jelly       |       |       |     2 |     1 ||     3
Armor: Leather armour    |    44 |    27 |       |       ||    71
       Ring mail         |       |    46 |   225 |    93 ||   364
Dodge: Dodged            |    84 |   134 |   339 |   164 ||   721
